 Dungeon Crawl Stone Soup version 0.28-a0-8-g6e044cf (webtiles) character file.

Game seed: 2365296909202808992

1266 Geeful the Skirmisher (level 8, 0/82 (87) HPs)
             Began as an Ogre Monk on July 24, 2021.
             Was a Believer of the Shining One.
             Slain by a wight (12 damage)
             ... on level 5 of the Dungeon.
             The game lasted 00:13:37 (4954 turns).

Geeful the Skirmisher (Ogre Monk)                   Turns: 4954, Time: 00:13:38

HP:   0/82 (87)     AC:  5    Str: 18    XL:     8   Next: 52%
MP:   8/8           EV: 11    Int: 11    God:    the Shining One [**....]
Gold: 924           SH:  0    Dex: 11    Spells: 7/7 levels left

rFire   . . .      SeeInvis .   p - +0 giant spiked club
rCold   . . .      Faith    .   (shield currently unavailable)
rNeg    + . .      Spirit   .   d - +2 robe {Will+}
rPois   .          Reflect  .   (helmet restricted)
rElec   .          Harm     .   (no cloak)
rCorr   .          Rampage  .   (gloves unavailable)
Will    +....                   (boots unavailable)
Stlth   +.........              (no amulet)
HPRegen 0.23/turn               (no ring)
MPRegen 0.11/turn               (no ring)

@: glowing, drained
A: large, unfitting armour, tough skin 1
a: Renounce Religion, Divine Shield


You were on level 5 of the Dungeon.
You worshipped the Shining One.
The Shining One was pleased with you.
You visited 2 branches of the dungeon, and saw 6 of its levels.
You also visited: Ossuary.

You collected 924 gold pieces.

Inventory:

Hand Weapons
 p - a +0 giant spiked club (weapon)
Missiles
 f - 20 poisoned darts (quivered)
Armour
 d - a +2 robe of willpower (worn)
Jewellery
 m - a ring of wizardry
Wands
 j - a wand of iceblast (7)
Scrolls
 a - a scroll of enchant armour
 c - 2 scrolls of holy word
 h - a scroll of teleportation
 o - a scroll of blinking {unknown}
 t - a scroll of amnesia
Potions
 b - a potion of invisibility
 e - 4 potions of attraction
 g - 3 potions of heal wounds
 i - 3 potions of flight
 k - 3 potions of magic
 l - a potion of ambrosia
 n - a potion of haste {unknown}
 q - a potion of brilliance {unknown}
 s - 2 potions of degeneration {unknown}
 w - 2 potions of curing


   Skills:
 + Level 7.6 Fighting
 + Level 5.3 Maces & Flails
 + Level 4.6 Throwing
 + Level 5.3 Dodging
 - Level 1.4 Stealth
 + Level 1.0 Invocations


You had 7 spell levels left.
You didn't know any spells.
Your spell library contained the following spells:

 Spells                   Type           Power      Damage    Failure   Level
 Slow                     Hex            0%         N/A       47%         2
 Static Discharge         Conj/Air       0%         N/A       47%         2
 Confusing Touch          Hex            0%         N/A       71%         3
 Vampiric Draining        Necr           0%         2d6       71%         3
 Lightning Bolt           Conj/Air       0%         1d11      100%        5
 Malign Gateway           Summ/Tloc      0%         N/A       100%        7
 Maxwell's Capacitive Co  Air            0%         ∞         100%        8
 Summon Horrible Things   Summ           0%         N/A       100%        8


Dungeon Overview and Level Annotations

Branches:
Dungeon (5/15)             Temple (1/1) D:5         Ossuary (visited)

Altars:
Nemelex Xobeh
Wu Jian
The Shining One


Innate Abilities, Weirdness & Mutations

You are too large for most types of armour.
You have tough skin. (AC +1)


Message History

You destroy the bullfrog skeleton!
The Shining One accepts your kill.
You feel better.
No target in view!
You see here a +0 dagger.
A necrophage and a wight come into view.
The wight is wielding a +4 halberd and carrying a wand of paralysis (8).
Found a stone staircase leading down.
You see here a scroll labelled TUKIOPN RATO.
o - a scroll labelled TUKIOPN RATO The necrophage hits you.
You hit the necrophage.
The necrophage is lightly damaged.
The necrophage barely misses you.
You puncture the necrophage!
The necrophage is heavily damaged.
The necrophage hits you.
The wight hits you from afar with a +4 halberd!!
The necrophage hits you. You partially resist.
You feel drained.
You barely miss the necrophage.
The necrophage is heavily damaged.
The wight hits you from afar with a +4 halberd!
The necrophage barely misses you.
The wight hits you from afar with a +4 halberd!
You are too injured to fight recklessly!
You are too injured to fight recklessly!
You barely miss the necrophage.
The necrophage is heavily damaged.
The necrophage hits you. You partially resist.
You feel drained.
The wight hits you from afar with a +4 halberd!
The necrophage hits you. You partially resist.
You feel drained.
You barely miss the necrophage.
The necrophage is heavily damaged.
The wight hits you from afar with a +4 halberd!
* * * LOW HITPOINT WARNING * * *
You partially resist.
You feel drained.
* * * LOW HITPOINT WARNING * * *
The necrophage hits you but does no damage.
The wight hits you from afar with a +4 halberd!
You die...

..
#.##.#########.#
#####.
#.##.......###.##
......
#.########.#....#
.....###.#
#.###.##
.........#
#.###.# ###..#..#
#.....# ##.#..#
#######
#....#########
##..zn@.......
#.#.########.
#...# ##..# #..#
.... .#..# .#.>.


You could see a necrophage and a wight.

Vanquished Creatures
  Sigmund (D:3)
  A water moccasin (D:5)
  An ogre (D:4)
  A phantom (D:5)
  Blork the orc (D:4)
  3 scorpions (D:5)
  A water moccasin skeleton (D:5)
  A howler monkey (D:5)
  A hound (D:5)
  An orc priest (D:3)
  A bullfrog skeleton (D:5)
  3 iguanas
  Ijyb (D:3)
  An orc wizard (D:4)
  12 mummies (Ossuary)
  3 gnolls (D:4)
  5 adders
  A dart slug (D:2)
  6 orcs
  6 endoplasms
  2 giant cockroaches
  6 goblins
  7 hobgoblins
  3 jackals (D:2)
  2 kobolds
  2 quokkas
  2 ball pythons (D:3)
  3 bats (D:1)
  3 frilled lizards
  2 gnoll skeletons (Ossuary)
  3 goblin skeletons (Ossuary)
  2 kobold skeletons (Ossuary)
  An orc skeleton (Ossuary)
  7 rats
  11 rat skeletons (Ossuary)
107 creatures vanquished.

Vanquished Creatures (others)
  A kobold (D:3)
1 creature vanquished.

Grand Total: 108 creatures vanquished

Notes
Turn   | Place    | Note
-------+----------+-------------------------------------------
     0 | D:1      | Geeful the Ogre Monk began the quest for the Orb.
     0 | D:1      | Reached XP level 1. HP: 24/24 MP: 1/1
   278 | D:1      | Reached XP level 2. HP: 29/32 MP: 2/2
   627 | D:2      | Reached XP level 3. HP: 29/40 MP: 3/3
   740 | D:2      | Reached skill level 1 in Throwing
   911 | D:2      | Found a faded altar of an unknown god.
  1555 | D:3      | Noticed Sigmund
  1583 | D:3      | Killed Sigmund
  1584 | D:3      | Reached skill level 5 in Fighting
  1584 | D:3      | Reached XP level 4. HP: 48/50 MP: 4/4
  1584 | D:3      | Reached XP level 5. HP: 55/57 MP: 5/5
  1737 | D:3      | Noticed Ijyb
  1752 | D:3      | Killed Ijyb
  1753 | D:3      | Reached XP level 6. HP: 43/66 MP: 6/6
  2702 | D:4      | Reached skill level 6 in Fighting
  3030 | D:4      | Noticed Blork the orc
  3065 | D:4      | Killed Blork the orc
  3066 | D:4      | Reached XP level 7. HP: 31/75 MP: 7/7
  3547 | D:5      | Entered Level 5 of the Dungeon
  3640 | D:5      | Found a sand-covered staircase.
  3645 | Ossuary  | Entered an ossuary
  4246 | Ossuary  | Identified a scroll of acquirement
  4246 | Ossuary  | Acquired 814 gold pieces
  4298 | D:5      | Reached XP level 8. HP: 84/84 MP: 8/8
  4312 | D:5      | Reached skill level 7 in Fighting
  4402 | D:5      | Reached skill level 5 in Maces & Flails
  4402 | D:5      | Reached skill level 5 in Dodging
  4639 | D:5      | Found a staircase to the Ecumenical Temple.
  4648 | Temple   | Entered the Ecumenical Temple
  4711 | Temple   | Became a worshipper of the Shining One
  4711 | Temple   | Reached * piety under the Shining One
  4711 | Temple   | Reached ** piety under the Shining One
  4845 | D:5      | Reached skill level 1 in Invocations
  4954 | D:5      | Slain by a wight

Illustrated notes

Levels and vault maps discovered:
D:1:      minmay_arrival_checkered_box, layout_rooms
D:2:      layout_rooms, shapermc_ecumenical_altar_gd, st_stairs_4
D:3:      layout_basic, uniq_sigmund, uniq_ijyb
D:4:      layout_loops_cross, uniq_blork_the_orc
D:5:      layout_basic, xom_teletrap_fun, minmay_temple_entry_mist,
          enter_ossuary_2, minmay_small_thing
Temple:   regret_index_temple_generic_petals

Skill      XL: |  1  2  3  4  5  6  7  8 |
---------------+-------------------------+-----
Maces & Flails | 3 4 5 |  5.3
Dodging        | 3 4 5 |  5.3
Throwing       | 2 3 4 |  4.6
Fighting       | 5 6 7 |  7.6
Invocations    | 1 |  1.0
Stealth        | |  1.4

Action                   |  1- 3 |  4- 6 |  7- 9 || total
-------------------------+-------+-------+-------++-------
Melee: Mace              |   109 |    84 |       ||   193
       Flail             |       |     6 |       ||     6
       Giant spiked club |       |       |   110 ||   110
Throw: Dart              |    22 |    36 |    12 ||    70
Evoke: Wand              |       |       |     3 ||     3
  Use: Scroll            |     5 |     2 |     8 ||    15
       Potion            |     1 |       |       ||     1
 Stab: Sleeping          |     3 |       |     4 ||     7
       Invisible         |       |     1 |       ||     1
Armor: Robe              |    51 |    37 |    21 ||   109
Dodge: Dodged            |    66 |    41 |    55 ||   162

Table legend: (Time is in decaauts)
 A = Elapsed time spent in this place.
 B = Non-inter-level travel time spent in this place.
 C = Inter-level travel time spent in this place.
 D = Time resting spent in this place.
 E = Time spent auto-exploring this place.
 F = Levels seen in this place.
 G = Mean time per level.
                   A        B        C        D        E       F      G
               +--------+--------+--------+--------+--------+-----+--------+
         Total |   5058 |   4932 |    126 |    218 |   3652 |   7 |  722.6 |
       Dungeon |   4282 |   4189 |     93 |    218 |   3121 |   5 |  856.4 |
        Temple |     96 |     63 |     33 |      0 |     55 |   1 |   96.0 |
       Ossuary |    679 |    679 |      0 |      0 |    476 |   1 |  679.0 |
               +--------+--------+--------+--------+--------+-----+--------+

Top non-repeatable levels by time:
     D:4: 1296 daAuts
     D:3: 852 daAuts
     D:2: 832 daAuts
     D:5: 696 daAuts
 Ossuary: 679 daAuts
     D:1: 604 daAuts
  Temple: 96 daAuts
